AoeStats
← zapato3103

Arabia

510211861Analyzed
2v2 RM · 3d ago on Sep 30, 2026· 35m 17s· 4 players
Game mode
Random Map
Map size
Medium (4 player)
Population
200
Speed
Normal
Resources
Standard
Victory
Conquest
Starting age
Dark Age
Ending age
Imperial Age
RankedLock teamsTeams togetherTeam positionsShared explorationLock speedFull tech treeHidden civsTurbo modeCheats
Victory
Defeat
🇲🇽 Slavs · Mexico
1149
+12
🇲🇽 Saxons · Mexico
1136
+13
🇦🇷 Persians · Argentina
1124
-15
🇦🇷 Britons · Argentina
1002
-10
IgnacioLR21
6:35 Loom
9:19 Feudal Age
9:49 Double-Bit Axe
9:57 Horse Collar
14:48 Wheelbarrow
21:43 Castle Age
19:50 Scale Barding Armor
19:56 Forging
19:51 Gold Mining
21:23 Bloodlines
22:47 Chain Barding Armor
22:54 Husbandry
Kim Min-jun
1:56 Loom
11:22 Feudal Age
11:48 Double-Bit Axe
12:37 Gold Mining
12:37 Horse Collar
19:57 Fletching
20:00 Stone Mining
28:23 Castle Age
29:37 Bow Saw
32:21 Bodkin Arrow
34:21 Ballistics
34:14 Fortified Wall
33:59 Murder Holes
33:46 Treadmill Crane
Gamaleon
5:07 Loom
9:30 Feudal Age
10:10 Horse Collar
10:17 Double-Bit Axe
21:24 Castle Age
19:56 Bloodlines
21:46 Forging
22:13 Husbandry
21:37 Light Cavalry
21:43 Pikeman
22:52 Bow Saw
23:25 Heavy Plow
23:36 Husbandry
24:25 Scale Mail Armor
25:21 Wheelbarrow
24:49 Town Watch
27:37 Hand Cart
29:06 Chain Mail Armor
29:11 Squires
31:31 Iron Casting
32:03 Scale Barding Armor
37:02 Imperial Age
34:35 Fletching
zapato3103
8:01 Loom
9:52 Feudal Age
11:44 Double-Bit Axe
19:56 Fletching
21:30 Padded Archer Armor
21:18 Horse Collar
24:57 Castle Age
24:31 Forging
24:59 Pikeman
25:01 Crossbowman
25:49 Thumb Ring
27:10 Bodkin Arrow
32:50 Gambesons
Connection lost

Rejoining the realm…

Still unreachable

The connection could not be restored.

Session expired

The server has moved on; the page needs a fresh start.